 Dungeon Crawl Stone Soup version 0.26-a0-284-g73c0fb6129 (webtiles) character file.

Game seed: 6668066289250120019

15 ANON1729 the Caller (level 2, 0/15 HPs)
             Began as a Deep Elf Summoner on July 13, 2020.
             Slain by a hobgoblin
             ... wielding a +0 club
              (2 damage)
             ... on level 1 of the Dungeon.
             The game lasted 00:02:19 (1240 turns).

ANON1729 the Caller (Deep Elf Summoner)             Turns: 1240, Time: 00:02:19

Health: 0/15       AC:  2    Str:  5    XL:     2   Next: 34%
Magic:  8/8        EV: 13    Int: 19    God:
Gold:   39         SH:  0    Dex: 15    Spells: 6/7 levels left

rFire    . . .     SeeInvis .   b - +0 mace (curse)
rCold    . . .     Faith    .   (no shield)
rNeg     . . .     Spirit   .   a - +0 robe
rPois    .         Reflect  .   (no helmet)
rElec    .         Harm     .   (no cloak)
rCorr    .                      (no gloves)
MR       .....                  (no boots)
Stlth    ++........             (no amulet)
HPRegen  0.05/turn              (no ring)
MPRegen  0.11/turn              (no ring)

@: no status effects
A: no striking features
a: no special abilities


You were on level 1 of the Dungeon.
You visited 1 branch of the dungeon, and saw 1 of its levels.

You collected 39 gold pieces.

Inventory:

Hand Weapons
 b - a cursed +0 mace (weapon)
Armour
 a - a +0 robe (worn)
Jewellery
 i - an uncursed ring of magical power {unknown}
Scrolls
 c - 6 scrolls of remove curse {unknown}
 d - a scroll of blinking {unknown}
 f - a scroll of amnesia {unknown}
 g - a scroll of enchant armour {unknown}
 j - a scroll of identify {unknown}
Potions
 e - 2 potions of degeneration {unknown}
 h - a potion of stabbing {unknown}


   Skills:
 + Level 2.7 Dodging
 + Level 2.8 Stealth
 * Level 3.4 Spellcasting
 * Level 4.5 Summonings


You had 6 spell levels left.
You knew the following spells:

 Your Spells              Type           Power        Failure   Level
a - Summon Small Mammal   Summ           ###.         2%          1

Your spell library contained the following spells:

 Spells                   Type           Power        Failure   Level
 Call Imp                 Summ           ###.....     3%          2
 Call Canine Familiar     Summ           ###.....     7%          3
 Summon Guardian Golem    Hex/Summ       ##......     17%         3
 Summon Ice Beast         Ice/Summ       ##......     50%         4
 Summon Lightning Spire   Summ/Air       ##......     50%         4


Dungeon Overview and Level Annotations

Branches:
Dungeon (1/15)

Altars:


Message History

The hobgoblin is severely wounded.
The hobgoblin misses you.
You hit the hobgoblin but do no damage.
The hobgoblin is severely wounded.
The hobgoblin hits you but does no damage.
The hobgoblin hits you with a +0 club.
You are too injured to fight recklessly!
You are too injured to fight recklessly!
You are too injured to fight recklessly!
You are too injured to fight recklessly!
A hobgoblin is nearby!
A hobgoblin is nearby!
You closely miss the hobgoblin.
The hobgoblin is heavily wounded.
The hobgoblin hits you with a +0 club.
* * * LOW HITPOINT WARNING * * *
You hit the hobgoblin.
The hobgoblin is almost dead.
The hobgoblin hits you with a +0 club.
You die...

#. #.# ### #.# ..######
###########.#######+### ..'....#
......................# ..####.#
......................# ..# #.#
......................# ..# #.#
.......[..............# ### #.#
.......@..............# ######.#
......g.....[.........#
....##.########.##.#...........#
.....†............>#...........#
....##.##.#####................#
....##.....# ####.#...........#
....#####..#######.#...........#
###.#####..##......#.###########
#.........##...#..#.#


You could see a hobgoblin.

Vanquished Creatures
  2 dart slugs (D:1)
  A giant cockroach (D:1)
  A hobgoblin (D:1)
  A ball python (D:1)
  3 bats (D:1)
  A goblin (D:1)
  A rat (D:1)
10 creatures vanquished.

Vanquished Creatures (collateral kills)
  An ooze (D:1)
  A hobgoblin (D:1)
2 creatures vanquished.

Grand Total: 12 creatures vanquished

Notes
Turn   | Place    | Note
-------+----------+-------------------------------------------
     0 | D:1      | ANON1729 the Deep Elf Summoner began the quest for the Orb.
     0 | D:1      | Reached XP level 1. HP: 10/10 MP: 6/6
   643 | D:1      | Reached XP level 2. HP: 15/15 MP: 8/8
  1240 | D:1      | Slain by a hobgoblin

Illustrated notes

Levels and vault maps discovered:
D:1:      minmay_arrival_stair_chambers, layout_basic, corexii_leaking_fountain

Action                   || total
-------------------------++-------
Melee: Mace              ||    44
 Cast: Summon Small Mamm ||     6
 Stab: Sleeping          ||     4
Armor: Robe              ||    14
Dodge: Dodged            ||    34

Table legend:
 A = Non-vault XP
 B = Vault XP
 C = Vault XP percentage of total XP
 D = Non-vault monster count
 E = Vault monster count
 F = Vault count percentage of total count
                 A         B        C        D         E       F
            +---------+---------+-------+---------+---------+-------
      Total |      22 |       0 |   0.0 |      12 |       0 |   0.0
            +---------+---------+-------+---------+---------+-------
        D:1 |      22 |       0 |   0.0 |      12 |       0 |   0.0
            +---------+---------+-------+---------+---------+-------
